 Dungeon Crawl Stone Soup version 0.31-a0-236-g9a0961fb85 (webtiles) character file.

Game seed: 455544328288955472

53 qw the Shooter (level 3, 0/21 HPs)
             Began as a Gargoyle Hexslinger on July 10, 2023.
             Slain by an orc
             ... wielding a +0 club
              (4 damage)
             ... on level 3 of the Dungeon.
             The game lasted 00:00:31 (1112 turns).

qw the Shooter (Gargoyle Hexslinger)                Turns: 1112, Time: 00:00:31

Health: 0/21       AC:  8    Str: 13    XL:     3   Next: 89%
Magic:  0/4        EV: 12    Int: 13    God:
Gold:   79         SH:  0    Dex: 14    Spells: 3/4 levels left

rFire   . . .        Y - +1 sling
rCold   . . .        (no shield)
rNeg    + + .        d - +2 robe {rN+}
rPois   inf          (no helmet)
rElec   +            (no cloak)
rCorr   .            (no gloves)
SInv    .            a - +0 pair of boots of Stoicism {Will+ Str+2 Slay-3}
Will    +....        i - amulet of guardian spirit
Stlth   +            (no ring)
HPRegen 0.23/turn    (no ring)
MPRegen 0.09/turn

%: guardian spirit
@: about to teleport
A: sickness immunity, AC +3, negative energy resistance 1, electricity
resistance, torment resistance 1, petrification resistance
a: no special abilities


You were on level 3 of the Dungeon.
You visited 1 branch of the dungeon, and saw 3 of its levels.

You collected 79 gold pieces.


Innate Abilities, Weirdness & Mutations

You are immune to sickness and miasma.
Your stone body is resilient. (AC +3)
You are immune to poison.
You resist negative energy. (rN+)
You are resistant to electric shocks. (rElec)
You are resistant to unholy torment.
You are immune to petrification.


   Skills:
 - Level 2.0 Fighting
 + Level 3.7 Ranged Weapons
 - Level 1.5 Dodging
 - Level 1.0 Spellcasting
 - Level 2.6 Hexes


You had 3 spell levels left.
You knew the following spells:

 Your Spells              Type           Power      Damage    Failure   Level
a - Slow                  Hex            28%        N/A       10%         1

Your spell library contained the following spells:

 Spells                   Type           Power      Damage    Failure   Level
 Inner Flame              Hex/Fire       4%         N/A       43%         3
 Portal Projectile        Hex/Tloc       8%         N/A       43%         3
 Cause Fear               Hex            3%         N/A       67%         4

Inventory:

Hand Weapons
 Y - a +1 sling (weapon)
Armour
 a - the +0 pair of boots of Stoicism (worn) {Will+ Str+2 Slay-3}
   (You acquired it on level 2 of the Dungeon)

   Str:       It affects your strength (+2).
   Slay:      It affects your accuracy & damage with ranged weapons and melee
   (-3).
   Will:      It increases your willpower.
 b - the +1 leather armour of Lucidity {Rampage}
   (You found it on level 2 of the Dungeon)

   Rampage:   It bestows one free step when moving towards enemies.
 d - a +2 robe of positive energy (worn)
Jewellery
 i - an amulet of guardian spirit (around neck)
Potions
 e - 2 potions of curing
 f - a potion of might {unknown}
 h - a potion of haste {unknown}

Dungeon Overview and Level Annotations

Branches:
Dungeon (3/15)

Altars:


Message History

The adder barely misses you. The orc hits you but does no damage.
The orc closely misses you. The adder barely misses you.
You shoot a sling bullet.
The sling bullet hits the adder but does no damage.
The orc hits you but does no damage. The orc closely misses you.
The adder barely misses you. The orc closely misses you. The orc misses you.
You shoot a sling bullet.
The sling bullet closely misses the adder.
The sling bullet hits the bat.
The bat is moderately wounded.
The adder bites you. x2
You shoot a sling bullet. The sling bullet hits the adder.
The adder is lightly wounded.
The adder bites you but does no damage. The orc hits you with a +0 whip.
You shoot a sling bullet.
The sling bullet completely misses the adder.
The sling bullet misses the bat.
The adder bites you. The orc hits you but does no damage.
The orc closely misses you. The adder misses you.
You shoot a sling bullet. The sling bullet hits the adder.
The adder is heavily wounded.
The adder bites you but does no damage. The orc closely misses you.
The orc hits you but does no damage.
You shoot a sling bullet.
The sling bullet barely misses the adder.
The sling bullet hits the bat.
You kill the bat!
The adder bites you but does no damage. The orc hits you with a +0 whip.
The orc hits you but does no damage. The adder completely misses you.
The orc hits you with a +0 club. The orc barely misses you.
1111 ||| READING scroll of teleportation.
As you read the scroll of teleportation, it crumbles to dust.
You feel strangely unstable. The adder bites you but does no damage.
The orc hits you with a +0 whip. The orc hits you with a +0 club.
You shoot a sling bullet. The sling bullet misses the adder.
The sling bullet barely misses the orc.
The adder closely misses you. The orc closely misses you.
The orc hits you with a +0 club.
You die...

### #
##.#.#.#.#
#o@So.....
#.....#o#.#.#.#
#.##.#.K....
...##[#.#.# ###
..?..... #.#
#.#.# ... ....
#.# #.


You could see an adder, 3 orcs and a kobold.

Vanquished Creatures
  2 adders (D:2)
  3 endoplasms
  3 giant cockroaches (D:1)
  7 goblins
  3 hobgoblins (D:1)
  A quokka (D:1)
  2 ball pythons (D:1)
  5 bats
  A frilled lizard (D:1)
  2 kobolds
  5 rats
34 creatures vanquished.

Notes
Turn   | Place    | Note
-------+----------+-------------------------------------------
     0 | D:1      | qw the Gargoyle Hexslinger began the quest for the Orb.
     0 | D:1      | Reached XP level 1. HP: 12/12 MP: 2/2
     0 | D:1      | 0 ||| qw: Version: 0.3-a-52-g30416fa
     0 | D:1      | 0 ||| qw: Game counter: 4672
     0 | D:1      | 0 ||| qw: Melee chars always use a shield: true
     0 | D:1      | 0 ||| qw: God list: Okawaru
     0 | D:1      | 0 ||| qw: Allow faded altars: false
     0 | D:1      | 0 ||| qw: Do Orc after clearing Dungeon:15 true
     0 | D:1      | 0 ||| qw: Do second Lair branch before Depths: true
     0 | D:1      | 0 ||| qw: Lair rune preference: random
     0 | D:1      | 0 ||| qw: Goals: Normal
     0 | D:1      | 0 ||| PLANNING D:1-11
   159 | D:1      | Reached XP level 2. HP: 16/16 MP: 3/3
   202 | D:1      | Reached skill level 3 in Ranged Weapons
   565 | D:1      | Reached XP level 3. HP: 21/21 MP: 4/4
   641 | D:1      | 641 ||| UPGRADING to +2 robe of positive energy.
   651 | D:1      | 651 ||| DROPPING +0 robe.
   652 | D:1      | 652 ||| READING scroll labelled VANNEU EGIA.
   655 | D:1      | 655 ||| READING 2 scrolls labelled TEUGAI LATU.
   656 | D:1      | 656 ||| DRINKING 2 black potions.
   657 | D:1      | 657 ||| DROPPING scroll of poison.
   658 | D:1      | 658 ||| DROPPING scroll of fear.
   836 | D:2      | Identified the +1 leather armour of Lucidity {Rampage}
  1056 | D:2      | 1056 ||| UPGRADING to amulet of guardian spirit.
  1061 | D:2      | 1061 ||| READING scroll labelled HIMUEM LOIM.
  1061 | D:2      | Identified a scroll of acquirement
  1061 | D:2      | 1061 ||| ACQUIRING +0 pair of boots of Stoicism {Will+
                  | Str+2 Slay-3}
  1061 | D:2      | Acquired the +0 pair of boots of Stoicism {Will+ Str+2
                  | Slay-3}
  1063 | D:2      | 1063 ||| UPGRADING to +0 pair of boots of Stoicism {Will+
                  | Str+2 Slay-3}.
  1068 | D:2      | 1068 ||| READING scroll labelled VUZUXZOGAPT.
  1081 | D:3      | 1081 ||| PLANNING SEWER
  1110 | D:3      | HP: 5/21 [orc/+0 club (3)]
  1111 | D:3      | 1111 ||| READING scroll of teleportation.
  1112 | D:3      | Slain by an orc

Levels and vault maps discovered:
D:1:      tekkud_arrival_beachfront_property, layout_loops_cross
D:2:      layout_rooms
D:3:      layout_basic, ebering_ecumenical_altar_rust, portal_sewer_entry_d,
          st_stairs_10, minmay_checkerbox

Skill      XL: |  1  2 |
---------------+-------+-----
Ranged Weapons | 3 |  3.7
Fighting       | 2 |  2.0
Dodging        | |  1.5
Spellcasting   | |  1.0
Hexes          | |  2.6

Action                     || total
---------------------------++-------
   Fire: Sling             ||   123
    Use: Scroll            ||     5
         Potion            ||     1
 Armour: Robe              ||    35
  Dodge: Dodged            ||    61

Table legend:
 A = Non-vault XP
 B = Vault XP
 C = Vault XP percentage of total XP
 D = Non-vault monster count
 E = Vault monster count
 F = Vault count percentage of total count
                 A         B        C        D         E       F
            +---------+---------+-------+---------+---------+-------
      Total |      72 |       5 |   6.5 |      31 |       3 |   8.8
            +---------+---------+-------+---------+---------+-------
        D:1 |      36 |       0 |   0.0 |      22 |       0 |   0.0
        D:2 |      36 |       0 |   0.0 |       9 |       0 |   0.0
        D:3 |       0 |       5 | 100.0 |       0 |       3 | 100.0
            +---------+---------+-------+---------+---------+-------
